Map: Hardwire LE

Players

GuMiho - Winner!

  • Race: Terran Terran

Zoun

  • Race: Protoss Protoss
  • League: Master

Event: TSL 8

VOD

Have the link to the VOD?

Description

Time

  • Played on: Nov. 28, 2021, 6:16 a.m.
  • Length: 6:24

All games in this series

Show
View Real Time Build Order
Export as new Build Order

GuMiho Terran - Winner!

Build Orders:  

Get SALT Encoding   

  12  0:00  SCV  
  13  0:12  SCV  
  14  0:17  Supply Depot  
  14  0:24  SCV  
  15  0:38  SCV  
  15  0:39  Barracks  
  16  0:45  Refinery  
  16  0:50  SCV  
  16  0:54  Refinery  
  17  1:02  SCV  
  18  1:14  SCV  
  19  1:26  Reaper  
  19  1:27  Orbital Command  
  20  1:41  Factory  
  20  1:43  Supply Depot  
  20  1:52  SCV  
  21  1:58  Barracks Reactor  
  21  2:05  SCV  
  22  2:10  Supply Depot  
  22  2:17  SCV  
  23  2:23  Engineering Bay  
  23  2:29  SCV  
  24  2:31  Armory  
  24  2:38  Hellion  
  24  2:39  Hellion  
  29  2:50  Missile Turret  
  28  2:52  Missile Turret  
  28  3:03  Starport  
  27  3:07  Widow Mine x2  
  30  3:19  SCV  
  31  3:24  Supply Depot  
  31  3:30  Widow Mine x2  
  33  3:45  SCV  
  33  3:47  Viking  
  36  3:50  Supply Depot  
  34  4:06  SCV  
  34  4:07  Supply Depot  
  35  4:17  Viking  
  33  4:29  SCV  
  33  4:41  SCV  
  34  4:47  Viking  
  36  4:54  SCV  
  35  5:14  Supply Depot  
  35  5:16  Viking  
  35  5:19  SCV  
  37  5:29  Marine  
  37  5:31  SCV  
  38  5:38  Supply Depot  
  37  5:43  SCV  
  37  5:46  Viking  
  37  5:47  Marine  
  38  6:05  Marine  
  38  6:13  Factory Tech Lab  
Show
View Real Time Build Order
Export as new Build Order

Zoun Protoss 

Build Orders: Proxy Void Ray 

Get SALT Encoding   

  12  0:09  Pylon  
  12  0:12  Probe (Chrono Boost)  
  14  0:22  Probe (Chrono Boost)  
  14  0:30  Gateway  
  14  0:33  Probe  
  15  0:40  Assimilator  
  15  0:45  Probe  
  15  0:48  Assimilator  
  16  0:57  Probe  
  17  1:09  Probe  
  18  1:16  Cybernetics Core  
  18  1:21  Probe  
  18  1:24  Pylon  
  18  1:25  Zealot  
  21  1:33  Probe  
  22  1:46  Probe  
  23  1:52  Stargate  
  23  1:56  Shield Battery  
  23  1:57  Adept (Chrono Boost)  
  25  2:04  Probe  
  26  2:09  Warp Gate  
  26  2:16  Probe  
  26  2:20  Adept  
  29  2:28  Void Ray (Chrono Boost), Pylon  
  27  2:43  Pylon  
  31  2:57  Void Ray (Chrono Boost)  
  31  3:04  Shield Battery  
  33  3:20  Shield Battery  
  33  3:24  Adept  
  27  3:48  Void Ray  
  15  4:53  Probe  
Tags
 
Add a new tag
Caveats
  • Supply blocks, unpowered buildings, or Contaminate may cause inaccurate times.
  • Supply counts are checked every 10 seconds.